 Dungeon Crawl Stone Soup version 0.23-a0-303-gfcac5de (webtiles) character file.

1976 Ijustatesigmund the Shield-Bearer (level 9, -11/55 HPs)
             Began as an Octopode Wizard on Oct 8, 2018.
             Was an Initiate of Cheibriados.
             Mangled by Gastronok (39 damage)
             ... on level 8 of the Dungeon.
             The game lasted 00:25:02 (10126 turns).

Ijustatesigmund the Shield-Bearer (OpWz)           Turns: 10126, Time: 00:25:03

Health: -11/55     AC:  4    Str: 21    XL:     9   Next: 20%
Magic:  13/13      EV: 14    Int: 23    God:    Cheibriados [......]
Gold:   308        SH:  9    Dex: 15    Spells: 5/14 levels left

rFire    + . .     SeeInvis .   v - +6 whip
rCold    + + +     Gourm    .   g - +4 buckler "Launolio" {rC++ Regen+ Str+3 Int+2}
rNeg     . . .     Faith    .   a - +1 hat
rPois    +         Spirit   .   l - amulet of the acrobat
rElec    +         Reflect  .   r - +1 ring of slaying
rCorr    +         Harm     .   o - +6 ring of strength
MR       .....                  (no ring)
Stlth    +++.......             (no ring)
HPRegen  0.58/turn              (no ring)
MPRegen  0.13/turn              (no ring)
                                (no ring)
                                (no ring)

@: mighty, resistant, very slightly contaminated, invisible (expiring), very
slow
A: almost no armour, stealthy swim, amphibious, 8 rings, constrict 8, tentacle
spike 1, thin metallic scales 1, camouflage 1, frail 1, gelatinous body 1
a: Bend Time, Renounce Religion


You were on level 8 of the Dungeon.
You worshipped Cheibriados.
Cheibriados was noncommittal.
You were not hungry.

You visited 1 branch of the dungeon, and saw 8 of its levels.
You also visited: Sewer.

You collected 392 gold pieces.
You spent 84 gold pieces at shops.

Inventory:

Hand Weapons
 b - a +1 dagger of holy wrath
 u - a +1 whip of electrocution
 v - a +6 whip (weapon)
Missiles
 q - 3 curare-tipped needles
Armour
 a - a +1 hat (worn)
 g - the +4 buckler "Launolio" (worn) {rC++ Regen+ Str+3 Int+2}
   (You found it on level 4 of the Dungeon)

   It affects your strength (+3).
   It affects your intelligence (+2).
   It greatly protects you from cold.
   It increases your rate of regeneration.
Jewellery
 l - an amulet of the acrobat (around mantle)
 o - a +6 ring of strength (right tentacle)
 r - a +1 ring of slaying (left tentacle)
Wands
 d - a wand of digging (9)
Scrolls
 f - a scroll of magic mapping
 h - 2 scrolls of blinking
 j - 2 scrolls of immolation
 p - 5 scrolls of teleportation
 t - a scroll of remove curse
 w - a scroll of identify
 x - a scroll of fog
Potions
 e - a potion of might
 i - a potion of magic
 k - a potion of heal wounds
 m - 3 potions of brilliance
 n - 2 potions of resistance
 s - 2 potions of curing
 z - 3 potions of flight
Comestibles
 c - 6 rations


   Skills:
 - Level 5.8 Fighting
 - Level 2.5 Maces & Flails
 - Level 2.2 Dodging
 - Level 2.6 Stealth
 - Level 5.8 Shields
 - Level 3.0 Spellcasting
 + Level 3.7 Conjurations
   Level 1.0 Summonings
 - Level 2.0 Translocations
 - Level 3.0 Air Magic
 - Level 3.0 Poison Magic
 + Level 4.6 Invocations


You had 5 spell levels left.
You knew the following spells:

 Your Spells              Type           Power        Failure   Level  Hunger
a - Magic Dart            Conj           ###.         2%          1    None
b - Blink                 Tloc           N/A          8%          2    ##.....
c - Conjure Flame         Conj/Fire      ##......     16%         3    ###....
d - Mephitic Cloud        Conj/Pois/Air  ###.....     9%          3    ###....

Your spell library contained the following spells:

 Spells                   Type           Power        Failure   Level  Hunger
 Corona                   Hex            #......      12%         1    None
 Call Imp                 Summ           #.......     12%         2    ##.....
 Slow                     Hex            #.......     17%         2    ##.....
 Portal Projectile        Hex/Tloc       #.....       22%         3    ###....
 Inner Flame              Hex/Fire       #.......     34%         3    ###....
 Cause Fear               Hex            #.........   75%         4    ####...
 Leda's Liquefaction      Hex/Erth       #.........   75%         4    ####...


Dungeon Overview and Level Annotations

Branches:
Dungeon (8/15)             Temple (0/1) D:6
   Lair: D:8-11

Altars:
Cheibriados
Okawaru

Shops:
D:4 =   D:5 (   D:7 [

Annotations:
D:8 Gastronok


Innate Abilities, Weirdness & Mutations

You cannot wear most types of armour.
You are very stealthy in the water. (Stealth+)
You are amphibious.
You can wear up to eight rings at the same time.
You can use your tentacles to constrict eight enemies at once.
Your skin changes colour to match your surroundings (Stealth+).
Your rubbery body absorbs attacks. (AC +1, EV +1)
One of your tentacles bears a spike.
You are partially covered in thin metallic scales. (AC +2)
You are frail. (-10% HP)


Message History

Gastronok puts on a burst of speed!
You flicker for a moment.
Gastronok chants a spell, wobbling all the while.
You barely miss the bat. Your grab misses the bat.
You pierce the bat.
You kill the bat!
The bat's corpse disappears in a puff of smoke!
You whack the river rat!
You kill the river rat!
The river rat's corpse disappears in a puff of smoke!
The teleport trap disappears.
The rat disappears!
Gastronok waves his eye-stalks in wide circles.
The air twists around and strikes you!
Ouch! That really hurt!
You whack Gastronok!
You pierce Gastronok!
You squeeze Gastronok!!
Gastronok is moderately wounded.
You whack Gastronok!
You pierce Gastronok.
You squeeze Gastronok!!
Gastronok is heavily wounded.
Gastronok bites you!!!
Ouch! That really hurt!
You die...

# # # .# ... ..# #... ..
#.# ...# .##.## ...# #....#
# ...# #....#.# ...#
#....#.#
...#############....#.#####
..............§w@..........
.....##############o.......
.....##############........
.....#...............>.....
.....#.############........
##...#.# #.o...... #...#.#
#....%... #...#.# #.o......
#...#.# #........


You could see Gastronok and an orc (wandering).

Vanquished Creatures
  Pikel (D:8)
  A sky beast (D:5)
  A phantom (D:4)
  2 slaves (D:8)
  A necrophage (D:8)
  2 ogres (D:7)
  3 bullfrogs (D:6)
  2 howler monkeys
  A crimson imp (D:5)
  2 centaur zombies
  2 bullfrog zombies
  4 hounds
  6 orc wizards
  An orc priest (D:5)
  5 iguanas
  Natasha (D:4)
  2 worker ants
  3 gnolls (D:5)
  3 adders
  4 oozes (Sewer)
  An adder skeleton (D:7)
  6 worms
  3 dart slugs
  6 leopard geckos
  29 orcs
  2 ball pythons
  9 bats
  2 giant cockroaches
  5 goblins
  8 hobgoblins
  12 jackals
  2 quokkas
  4 frilled lizards
  8 kobolds
  6 rats
150 creatures vanquished.

Vanquished Creatures (others)
  A slave (D:8)
  3 orcs (D:8)
4 creatures vanquished.

Grand Total: 154 creatures vanquished

Notes
Turn   | Place    | Note
-------+----------+-------------------------------------------
     0 | D:1      | Ijustatesigmund the Octopode Wizard began the quest for the
                  | Orb.
     0 | D:1      | Reached XP level 1. HP: 11/11 MP: 4/4
   178 | D:1      | Reached XP level 2. HP: 17/17 MP: 4/6
   182 | D:1      | Learned a level 2 spell: Blink
   972 | D:1      | Reached XP level 3. HP: 21/21 MP: 3/7
  1296 | D:2      | Found a faded altar of an unknown god.
  1585 | D:2      | Reached XP level 4. HP: 15/27 MP: 1/8
  1828 | D:2      | Found an iron altar of Okawaru.
  2107 | D:3      | Learned a level 3 spell: Conjure Flame
  2612 | D:4      | Got a bloodstained buckler
  2719 | D:2      | Identified the +4 buckler "Launolio" {rC++ Regen+ Str+3
                  | Int+2} (You found it on level 4 of the Dungeon)
  2786 | D:4      | Noticed a phantom
  2791 | D:4      | Reached skill level 1 in Shields
  2791 | D:4      | Reached XP level 5. HP: 29/32 MP: 9/9
  3028 | D:4      | Killed a phantom
  3028 | D:4      | Reached XP level 6. HP: 25/37 MP: 1/10
  3399 | D:5      | Entered Level 5 of the Dungeon
  4171 | D:4      | Found Daegegar's Jewellery Shoppe.
  4179 | D:4      | Bought a +1 ring of slaying for 84 gold pieces
  4228 | D:4      | Noticed Natasha
  4233 | D:4      | Killed Natasha
  4647 | D:5      | Reached skill level 5 in Shields
  4700 | D:5      | Reached XP level 7. HP: 31/42 MP: 1/11
  4988 | D:5      | Learned a level 3 spell: Mephitic Cloud
  5226 | D:5      | Reached skill level 1 in Fighting
  5553 | D:5      | Reached skill level 1 in Poison Magic
  5561 | D:5      | Reached skill level 1 in Maces & Flails
  5561 | D:5      | Reached skill level 1 in Air Magic
  6150 | D:5      | Reached XP level 8. HP: 50/50 MP: 3/12
  6235 | D:5      | Found Bonorid's Antique Weapon Boutique.
  6452 | D:6      | Found a staircase to the Ecumenical Temple.
  6529 | D:6      | Found a glowing drain.
  6533 | Sewer    | Entered a sewer
  6814 | Sewer    | Gained mutation: You are partially covered in thin metallic
                  | scales. (AC +2) [potion of mutation]
  6814 | Sewer    | Gained mutation: You are frail. (-10% HP) [potion of
                  | mutation]
  6814 | Sewer    | Gained mutation: One of your tentacles bears a spike.
                  | [potion of mutation]
  7747 | D:6      | Found a snail-covered altar of Cheibriados.
  7814 | D:6      | Became a worshipper of Cheibriados the Contemplative
  8505 | D:7      | Reached skill level 1 in Invocations
  9474 | D:7      | Found Setz's Antique Armour Shoppe.
  9585 | D:8      | Noticed Pikel
  9650 | D:8      | Killed Pikel
  9650 | D:8      | Reached skill level 5 in Fighting
  9650 | D:8      | Reached XP level 9. HP: 55/55 MP: 0/13
  9975 | D:8      | Noticed Gastronok
 10126 | D:8      | Mangled by Gastronok

Vault maps used:
D:1:      saegor_arrival_miasma, minivault_25
D:2:      first_ration, chequers_ecumenical_altar_island,
          okawaru_metal_pillars_3
D:4:      serial_shops, shop_fountains, kennysheep_boxes, uniq_natasha
D:5:      serial_shops, nicolae_shop_crystal, corner_web_ring
D:6:      slow_altar_2, minmay_temple_entry_glass, gup_sewer_entry_bowl
D:7:      serial_shops, shop
D:8:      nicolae_dithmenos_through_a_glass_darkly, hangedman_pestilent_swarm,
          uniq_gastronok, uniq_pikel, uniq_erica
Sewer:    sewer_fruit_machine

Skill      XL: |  1  2  3  4  5  6  7  8 |
---------------+-------------------------+-----
Conjurations   | 2 3 |  3.7
Translocations | 2 |  2.0
Shields        | 1 3 5 |  5.8
Fighting       | 2 5 |  5.8
Poison Magic   | 2 3 |  3.0
Maces & Flails | 2 |  2.5
Air Magic      | 2 3 |  3.0
Invocations    | 4 |  4.6
Dodging        | |  2.2
Stealth        | |  2.6
Spellcasting   | |  3.0
Summonings     | |  1.0

Action                   |  1- 3 |  4- 6 |  7- 9 || total
-------------------------+-------+-------+-------++-------
Melee: Unarmed           |    15 |       |       ||    15
       Tentacles         |     5 |     9 |    19 ||    33
       Constrict         |     4 |    11 |    21 ||    36
       Short sword       |     3 |       |       ||     3
       Falchion          |     2 |     1 |       ||     3
       Battleaxe         |       |    18 |       ||    18
       Flail             |       |    17 |    28 ||    45
       Dagger            |       |    15 |       ||    15
       Whip              |       |       |    57 ||    57
       Kick              |       |       |    18 ||    18
 Cast: Magic Dart        |    70 |    95 |   260 ||   425
       Conjure Flame     |       |     1 |     2 ||     3
       Mephitic Cloud    |       |       |     6 ||     6
  Use: Potion            |     1 |       |     5 ||     6
       Scroll            |     5 |     8 |    12 ||    25
 Stab: Sleeping          |     1 |     2 |       ||     3
       Confused          |       |       |     1 ||     1
  Eat: Chunk             |     2 |     6 |    12 ||    20
       Ration            |       |     1 |     2 ||     3
Armor: Skin              |     6 |     5 |    13 ||    24
Dodge: Dodged            |    21 |    42 |    74 ||   137
Block: Buckler           |       |    15 |    73 ||    88

Table legend:
 A = Non-vault XP
 B = Vault XP
 C = Vault XP percentage of total XP
 D = Non-vault monster count
 E = Vault monster count
 F = Vault count percentage of total count
                 A         B        C        D         E       F
            +---------+---------+-------+---------+---------+-------
      Total |    2151 |     672 |  23.8 |     118 |      30 |  20.3
            +---------+---------+-------+---------+---------+-------
        D:1 |      41 |       0 |   0.0 |      20 |       0 |   0.0
        D:2 |      74 |       0 |   0.0 |      18 |       0 |   0.0
        D:3 |      56 |       0 |   0.0 |      12 |       0 |   0.0
        D:4 |     298 |      35 |  10.5 |      16 |       1 |   5.9
        D:5 |     738 |       0 |   0.0 |      29 |       0 |   0.0
        D:6 |     424 |      12 |   2.8 |      12 |       5 |  29.4
        D:7 |     350 |       0 |   0.0 |       7 |       0 |   0.0
        D:8 |     170 |     540 |  76.1 |       4 |       1 |  20.0
      Sewer |       0 |      85 | 100.0 |       0 |      23 | 100.0
            +---------+---------+-------+---------+---------+-------
